 Dungeon Crawl Stone Soup version 0.23.2-1-ga50397a6bc (webtiles) character file.

Game seed: 3853586037293107842

105 Elkator the Chiller (level 4, -1/33 HPs)
             Began as a Draconian Ice Elementalist on May 30, 2019.
             Killed from afar by a steam dragon (10 damage)
             ... with a ball of steam
             ... on level 2 of the Dungeon.
             The game lasted 00:25:13 (1709 turns).

Elkator the Chiller (Draconian Ice Elementalist)    Turns: 1709, Time: 00:25:13

Health: -1/33      AC: 10    Str: 10    XL:     4   Next: 54%
Magic:  0/8        EV: 12    Int: 17    God:
Gold:   49         SH:  0    Dex: 11    Spells: 2/8 levels left

rFire    . . .     SeeInvis .   (no weapon)
rCold    . . .     Gourm    .   (no shield)
rNeg     . . .     Faith    .   (armour unavailable)
rPois    .         Spirit   .   (helmet restricted)
rElec    .         Reflect  .   (no cloak)
rCorr    .         Harm     .   (no gloves)
MR       .....                  (no boots)
Stlth    ++........             (no amulet)
HPRegen  0.11/turn              (no ring)
MPRegen  0.11/turn              (no ring)

@: icy armour
A: unfitting armour, cold-blooded, AC +5
a: no special abilities


You were on level 2 of the Dungeon.
You were hungry.

You visited 1 branch of the dungeon, and saw 2 of its levels.

You collected 49 gold pieces.

Inventory:

Scrolls
 c - 2 scrolls of remove curse
 e - a scroll of teleportation
 g - a scroll of blinking {unknown}
 h - a scroll of magic mapping {unknown}
 i - a scroll of enchant armour {unknown}
 j - a scroll of identify {unknown}
Potions
 d - a potion of ambrosia {unknown}
 f - a potion of degeneration {unknown}
 k - a potion of heal wounds {unknown}
Comestibles
 a - a chunk of flesh
 b - 5 rations


   Skills:
 + Level 0.1 Fighting
 + Level 2.2 Dodging
 - Level 1.7 Stealth
 + Level 0.9 Unarmed Combat
 + Level 2.7 Spellcasting
 + Level 1.5 Conjurations
 + Level 4.2 Ice Magic


You had 2 spell levels left.
You knew the following spells:

 Your Spells              Type           Power        Failure   Level  Hunger
a - Freeze                Ice            ###.         3%          1    #......
b - Throw Frost           Conj/Ice       ##....       9%          2    ##.....
c - Ozocubu's Armour      Chrm/Ice       #.......     22%         3    ###....

Your spell library contained the following spells:

 Spells                   Type           Power        Failure   Level  Hunger
 Throw Icicle             Conj/Ice       ##......     50%         4    #####..
 Summon Ice Beast         Ice/Summ       #.......     58%         4    #####..


Dungeon Overview and Level Annotations

Branches:
Dungeon (2/15)

Altars:
Ru

Annotations:
D:2 1 transporter


Innate Abilities, Weirdness & Mutations

Your plain brown scales are hard. (AC +5)
You cannot fit into any form of body armour.
You are cold-blooded and may be slowed by cold attacks.


Message History

The hippogriff is heavily wounded.
The steam dragon closely misses you. The steam dragon claws you.
The hobgoblin hits you but does no damage.
The hippogriff bites you. The hippogriff closely misses you.
The hippogriff barely misses you. The goblin barely misses you.
You hit the hippogriff.
You tail-slap the hippogriff, but do no damage.
The hippogriff is heavily wounded.
The steam dragon bites you but does no damage.
The steam dragon misses you.
The hobgoblin hits you but does no damage.
The hippogriff closely misses you. The hippogriff pecks you.
* * * LOW HITPOINT WARNING * * *
The hippogriff claws you but does no damage.
The goblin barely misses you.
You hit the hippogriff but do no damage.
The hippogriff is heavily wounded.
The steam dragon breathes steam at you. The ball of steam hits you!
You die...

#........#########..#
#.####..##.......##.# #.#
#...#8.......8#.# #.#
#...#.........#.####### #.#
#...#.......[.#.......# #.#
#..©#..©....._#©..###.#
#.###...#..[....=.#..####.##
#.##.)..#......gg$#.####...##
#.......#8.....D@8#.#.#..#..#
####..#.##...©.H.##.(#..###.#
#..#..#########..#.#..#..#
#...#...........##.##...##
#..###.##...######.######
##..###.#...<.#####.####
##......................##
##....###.........#.......#
........+......(..'.......#


You could see a hippogriff, a steam dragon, a hobgoblin and a goblin.

Vanquished Creatures
  5 adders (D:2)
  A worm (D:2)
  2 dart slugs (D:1)
  3 leopard geckos
  An orc (D:2)
  9 bats
  A giant cockroach (D:1)
  A goblin (D:2)
  5 hobgoblins
  5 jackals
  4 ball pythons
  3 frilled lizards
  6 kobolds
  5 rats
51 creatures vanquished.

Notes
Turn   | Place    | Note
-------+----------+-------------------------------------------
     0 | D:1      | Elkator the Draconian Ice Elementalist began the quest for
                  | the Orb.
     0 | D:1      | Reached XP level 1. HP: 14/14 MP: 3/3
   181 | D:1      | Reached XP level 2. HP: 10/20 MP: 0/5
   316 | D:1      | Learned a level 2 spell: Throw Frost
   659 | D:2      | Found a transporter.
   659 | D:2      | Noticed a hippogriff
   660 | D:2      | Noticed a steam dragon
   697 | D:2      | Reached XP level 3. HP: 22/26 MP: 2/6
  1023 | D:2      | Reached skill level 4 in Ice Magic
  1116 | D:2      | Found a sacrificial altar of Ru.
  1116 | D:2      | Found a transporter.
  1197 | D:2      | Learned a level 3 spell: Ozocubu's Armour
  1298 | D:2      | Reached XP level 4. HP: 30/33 MP: 2/7
  1709 | D:2      | Killed from afar by a steam dragon

Skill      XL: |  1  2  3 |
---------------+----------+-----
Dodging        | 2 |  2.2
Ice Magic      | 4 |  4.2
Fighting       | |  0.1
Stealth        | |  1.7
Unarmed Combat | |  0.9
Spellcasting   | |  2.7
Conjurations   | |  1.5

Action                   |  1- 3 |  4- 6 || total
-------------------------+-------+-------++-------
Melee: Unarmed           |    89 |    52 ||   141
       Tailslap          |    10 |     3 ||    13
 Cast: Freeze            |    45 |     3 ||    48
       Throw Frost       |    20 |    11 ||    31
       Ozocubu's Armour  |       |     1 ||     1
  Use: Scroll            |     2 |       ||     2
  Eat: Chunk             |     3 |     2 ||     5
Armor: Skin              |    43 |    23 ||    66
Dodge: Dodged            |    84 |    48 ||   132
